 Dungeon Crawl Stone Soup version 0.20.1-1-g8b1a95d (webtiles) character file.

156 Gobbopathe the Insei (level 5, -5/26 HPs)
             Began as a Vine Stalker Transmuter on Sept 4, 2017.
             Slain by a sky beast (6 damage)
             ... on level 4 of the Dungeon.
             The game lasted 00:06:23 (2256 turns).

Gobbopathe the Insei (Vine Stalker Transmuter)      Turns: 2256, Time: 00:06:23

Health: -5/26      AC:  3    Str: 12    XL:     5   Next: 37%
Magic:  0/10       EV: 12    Int: 13    God:
Gold:   99         SH:  0    Dex: 16    Spells: 4/10 levels left

rFire    . . .     SeeInvis .   k - +0 dagger (elec)
rCold    + . .     Gourm    .   (no shield)
rNeg     . . .     Faith    .   o - +0 leather armour (curse)
rPois    .         Spirit   +   (no helmet)
rElec    .         Reflect  .   (no cloak)
rCorr    .         Harm     +   (no gloves)
MR       .....                  (boots currently unavailable)
Stlth    ++........             p - amulet of harm
Regen    0.5/turn               r - ring of protection from cold
MPRegen  0.2/turn               (no ring)

@: appendage (expiring)
A: fangs 2, talons 3, regeneration 1, magic shield, antimagic bite, no potion
heal 3, rot immunity
a: End Transformation


You were on level 4 of the Dungeon.
You were hungry.
You had grown temporary talons.
You visited 1 branch of the dungeon, and saw 4 of its levels.

You collected 99 gold pieces.

Inventory:

Hand Weapons
 k - a +0 dagger of electrocution (weapon)
 w - a cursed -3 short sword
Missiles
 a - 21 arrows
 h - 58 stones (quivered)
 v - 25 bolts
 y - 17 sling bullets
 A - a throwing net
Armour
 b - a +0 robe
 o - a cursed +0 leather armour (worn)
Jewellery
 p - an amulet of harm (around neck)
 r - a ring of protection from cold (left hand)
Wands
 B - a wand of random effects (22/48)
Scrolls
 e - a scroll of enchant weapon {unknown}
 g - a scroll of remove curse {unknown}
 s - a scroll of immolation {unknown}
 t - a scroll of recharging {unknown}
 u - a scroll of identify {unknown}
Potions
 f - a potion of might {unknown}
 i - 2 potions of degeneration {unknown}
 l - a potion of agility {unknown}
 n - a potion of heal wounds {unknown}
 q - a potion of resistance {unknown}
 x - 2 potions of haste {unknown}
 z - a potion of curing {unknown}
Books
 c - a book of Changes

   Spells                             Type                      Level
   a - Beastly Appendage              Transmutation                1
   b - Sticks to Snakes               Transmutation                2
   c - Spider Form                    Transmutation/Poison         3
   d - Ice Form                       Ice/Transmutation            4
   e - Blade Hands                    Transmutation                5
Comestibles
 d - 4 bread rations
 j - 2 royal jellies
 m - 11 chunks of flesh


   Skills:
 + Level 1.9 Fighting
 - Level 1.5 Dodging
 + Level 1.8 Stealth
 * Level 4.1 Unarmed Combat
 + Level 3.0 Spellcasting
 * Level 3.0 Transmutations


You had 4 spell levels left.
You knew the following spells:

 Your Spells              Type           Power        Failure   Level  Hunger
a - Beastly Appendage     Tmut           #.....       9%          1    #......
b - Sticks to Snakes      Tmut           #.......     13%         2    ###....
c - Spider Form           Tmut/Pois      #.........   43%         3    ###....


Dungeon Overview and Level Annotations

Branches:
Dungeon (4/15)
 Temple: D:4-7

Altars:
Trog

Annotations:
D:2 exclusion: dart slug, Sigmund


Innate Abilities, Weirdness & Mutations

You have extremely sharp teeth.
Your natural rate of healing is unusually fast.
When hurt, damage is shared between your health and your magic reserves.
Your bite disrupts and absorbs the magic of your enemies.
Potions cannot restore your health.
You are immune to rotting.
You have claws for feet.


Message History

You swap places.
Your ball python bites the sky beast but does no damage.
The sky beast misses your ball python.
Casting: Sticks to Snakes
Confirm with . or Enter, or press ? or * to list all spells.
Your feet morph into talons.
Your ball python bites the sky beast.
The sky beast hits your ball python.
Your ball python dies!
The sky beast flickers out of sight!
Deactivating autopickup; reactivate with Ctrl-A.
You barely miss something. Your kick misses something.
Your transformation is almost over.
Something hits you. Something shocks you.
* * * LOW HITPOINT WARNING * * *
You closely miss something. Your bite misses something.
Something hits you but does no damage.
You barely miss something. Something hits you.
* * * LOW HITPOINT WARNING * * *
Something shocks you.
You die...

##### ...
#.# #@# #.#
#<# #.#
#.#######
#.......#
#######.ยงยง


There were no monsters in sight!

Vanquished Creatures
  An orc priest (D:3)
  An orc wizard (D:3)
  Jessica (D:2)
  An adder (D:3)
  An ooze (D:2)
  3 dart slugs
  2 leopard geckos
  3 orcs (D:3)
  2 giant cockroaches
  8 goblins
  6 hobgoblins
  2 jackals (D:2)
  A quokka (D:2)
  A ball python (D:3)
  4 bats
  5 kobolds
  6 rats
48 creatures vanquished.

Notes
Turn   | Place    | Note
-------+----------+-------------------------------------------
     0 | D:1      | Gobbopathe the Vine Stalker Transmuter began the quest for the Orb.
     0 | D:1      | Reached XP level 1. HP: 9/9 MP: 4/4
    14 | D:1      | Reached skill level 1 in Fighting
   271 | D:1      | Reached XP level 2. HP: 14/14 MP: 4/6
  1054 | D:1      | Reached XP level 3. HP: 10/18 MP: 5/7
  1426 | D:2      | Found a bloodstained altar of Trog.
  1553 | D:2      | Noticed Jessica
  1562 | D:2      | Killed Jessica
  1562 | D:2      | Reached skill level 1 in Stealth
  1562 | D:2      | Gained mutation: Your natural rate of healing is unusually fast. [Vine Stalker growth]
  1562 | D:2      | Reached XP level 4. HP: 11/22 MP: 4/9
  1565 | D:2      | Noticed Sigmund
  1692 | D:2      | Learned a level 2 spell: Sticks to Snakes
  1696 | D:2      | Learned a level 3 spell: Spider Form
  2135 | D:3      | Reached skill level 4 in Unarmed Combat
  2135 | D:3      | Reached XP level 5. HP: 23/26 MP: 6/10
  2223 | D:4      | Noticed a sky beast
  2256 | D:4      | HP: 1/26 [something (4)]
  2256 | D:4      | Slain by a sky beast

Skill      XL: |  1  2  3  4  5 |
---------------+----------------+-----
Fighting       | 1 |  1.9
Stealth        | 1 |  1.8
Unarmed Combat | 4 |  4.1
Spellcasting   | 3 |  3.0
Transmutations | 3 |  3.0
Dodging        | |  1.5

Action                   |  1- 3 |  4- 6 || total
-------------------------+-------+-------++-------
Melee: Unarmed           |    22 |       ||    22
       Bite              |    17 |    20 ||    37
       Headbutt          |     3 |     1 ||     4
       Dagger            |    48 |    79 ||   127
       Punch             |     1 |     2 ||     3
       Kick              |       |     6 ||     6
Throw: Stone             |     7 |       ||     7
 Cast: Beastly Appendage |     8 |     4 ||    12
       Sticks to Snakes  |       |     3 ||     3
 Stab: Sleeping          |     1 |     2 ||     3
  Eat: Chunk             |     2 |     2 ||     4
Armor: Robe              |     2 |       ||     2
       Leather armour    |     1 |    22 ||    23
Dodge: Dodged            |    27 |    48 ||    75
